AoeStats
← aac

Four Lakes

509508473Analyzed
1v1 RM · 6d ago on Sep 27, 2026· 43m 8s· 2 players
Game mode
Random Map
Map size
Tiny (2 player)
Population
200
Speed
Normal
Resources
Standard
Victory
Conquest
Starting age
Dark Age
Ending age
Imperial Age
RankedLock teamsTeams togetherTeam positionsShared explorationLock speedFull tech treeHidden civsTurbo modeCheats
Victory
Defeat
🇦🇷 Vietnamese · Argentina
382
+21
🇨🇱 Celts · Chile
492
-21
aac
1:55 Loom
11:57 Feudal Age
14:44 Wheelbarrow
13:57 Double-Bit Axe
14:29 Stone Mining
14:57 Horse Collar
20:31 Gold Mining
23:27 Fishing Lines
25:57 Castle Age
25:59 Fletching
26:09 Padded Archer Armor
26:20 Forging
26:11 Scale Mail Armor
27:50 Bow Saw
28:22 Hand Cart
30:15 Heavy Plow
30:17 Bodkin Arrow
30:37 Leather Archer Armor
29:44 Pikeman
32:11 Stone Shaft Mining
35:11 Imperial Age
33:00 Chain Mail Armor
33:20 Iron Casting
33:33 Iron Casting
33:06 Treadmill Crane
32:59 Elite Skirmisher
33:47 Thumb Ring
34:14 Ballistics
34:05 Fortified Wall
34:16 Squires
37:07 Chemistry
37:12 Two-Man Saw
36:45 Crop Rotation
36:19 Bracer
36:50 Ring Archer Armor
36:40 Gillnets
38:34 Plate Mail Armor
38:24 Siege Engineers
38:27 Imperial Skirmisher
38:30 Halberdier
Pauloko22
12:24 Feudal Age
12:58 Double-Bit Axe
12:58 Horse Collar
16:19 Fishing Lines
17:52 Wheelbarrow
18:28 Man-at-Arms
19:59 Gold Mining
20:00 Stone Mining
22:31 Castle Age
21:48 Forging
21:39 Scale Mail Armor
22:11 Town Watch
22:14 Loom
23:07 Long Swordsman
23:08 Pikeman
23:34 Gambesons
23:35 Arson
24:51 Chain Mail Armor
25:11 Iron Casting
24:53 Husbandry
25:39 Heavy Plow
25:52 Bow Saw
26:22 Gold Shaft Mining
26:23 Stone Shaft Mining
28:43 Gillnets
30:22 Hand Cart
33:03 Imperial Age
Connection lost

Rejoining the realm…

Still unreachable

The connection could not be restored.

Session expired

The server has moved on; the page needs a fresh start.